 Dungeon Crawl Stone Soup version 0.21-a0-516-gaaff437 (webtiles) character file.

30 theanonym the Skirmisher (level 3, -2/29 HPs)
             Began as a Demonspawn Fighter on Dec 3, 2017.
             Killed from afar by Sigmund (7 damage)
             ... with a puff of flame
             ... on level 2 of the Dungeon.
             The game lasted 00:01:32 (1113 turns).

theanonym the Skirmisher (Demonspawn Fighter)       Turns: 1113, Time: 00:01:33

Health: -2/29      AC: 10    Str: 22    XL:     3   Next: 5%
Magic:  3/3        EV:  5    Int:  9    God:
Gold:   32         SH:  9    Dex: 12    Spells: 2/2 levels left

rFire    . . .     SeeInvis .   a - +0 war axe
rCold    . . .     Gourm    .   c - +0 shield
rNeg     . . .     Faith    .   j - +0 chain mail
rPois    .         Spirit   .   (no helmet)
rElec    .         Reflect  .   f - +0 cloak
rCorr    .         Harm     .   (no gloves)
MR       +....                  (no boots)
Stlth    ..........             (no amulet)
HPRegen  0.09/turn              i - ring of protection from magic {MR+}
MPRegen  0.08/turn              m - ring of flight {+Fly}

@: mighty
A: spiny 1
a: Evoke Flight


Innate Abilities, Weirdness & Mutations

You are partially covered in sharp spines.


   Skills:
 + Level 3.4 Fighting
 * Level 2.8 Axes
 - Level 2.6 Armour
 - Level 2.6 Shields


You had 2 spell levels left.
You didn't know any spells.

Skill      XL: |  1 |
---------------+----+-----
Axes           | 2 |  2.8
Fighting       | |  3.4
Armour         | |  2.6
Shields        | |  2.6

Action                   || total
-------------------------++-------
Melee: War axe           ||    88
  Use: Potion            ||     1
  Eat: Chunk             ||     1
Armor: Scale mail        ||    49
       Chain mail        ||    10
Dodge: Dodged            ||    31
Block: Shield            ||    49

Inventory:

Hand Weapons
 a - a +0 war axe (weapon)
Armour
 b - a +0 scale mail
 c - a +0 shield (worn)
 f - a +0 cloak (worn)
   (You found it on level 1 of the Dungeon)
 j - a +0 chain mail (worn)
   (You found it on level 1 of the Dungeon)
Jewellery
 i - a ring of protection from magic (left hand) {MR+}
   (You found it on level 1 of the Dungeon)
 m - a ring of flight (right hand) {+Fly}
   (You found it on level 2 of the Dungeon)
Scrolls
 h - 2 scrolls of identify {unknown}
 o - a scroll of remove curse {unknown}
Potions
 g - a potion of degeneration {unknown}
 l - a potion of magic {unknown}
 n - a potion of curing {unknown}
Comestibles
 e - a bread ration
 k - 3 chunks of flesh

Dungeon Overview and Level Annotations

Branches:
Dungeon (2/15)

Altars:

Annotations:
D:2 Sigmund


You were on level 2 of the Dungeon.
You were not hungry.

You visited 1 branch of the dungeon, and saw 2 of its levels.

You collected 32 gold pieces.


Message History

No target in view!
You butcher the quokka corpse.
k - 3 chunks of flesh (gained 1)
You see here a quokka skeleton. x2
Found a stone staircase leading up.
m - an ivory ring
n - a murky grey potion Put on which piece of jewellery? (? for menu, Esc to quit)
i - a ring of protection from magic (left hand) Put on which piece of jewellery? (? for menu, Esc to quit)
m - a ring of flight (right hand)
Found 15 arrows.
Key pressed, stopping explore.
Found a robe.
A worm comes into view.
Found a leather armour.
A worm is nearby!
You hit the worm. The worm barely misses you.
Your shield and chain mail prevent you from hitting the worm.
The worm is struck by your spines. The worm bites you.
You take 2 damage, and have 22/24 hp.
You hit the worm. The worm bites you but does no damage.
You slash the worm! The worm bites you!
You take 7 damage, and have 15/24 hp.
MASSIVE DAMAGE!!
You hit the worm. The worm is struck by your spines.
The worm bites you but does no damage.
Some of the chunks of flesh in your inventory have rotted away.
You slash the worm!
You kill the worm!
You have reached level 3!
Your experience leads to an increase in your attributes!
Increase (S)trength, (I)ntelligence, or (D)exterity?
You feel stronger.
You regained 4 hp, and now have 19/29 hp.
MP restored: 3 You start resting.
Some of the chunks of flesh in your inventory have rotted away.
Eating a chunk of flesh.
You eat the chunk of flesh.
Health restored: 29 You butcher the worm corpse.
k - 3 chunks of flesh
Found 14 stones.
Key pressed, stopping explore.
You now have 32 gold pieces (gained 9).
Found a robe.
A bat comes into view.
Found a scroll labeled XOTIUD CULOVU and a flail.
A bat is nearby!
A bat is nearby!
The bat hits you but does no damage.
Found a stone staircase leading up.
Your chain mail prevents you from hitting the bat.
You block the bat's attack. x2; The bat hits you but does no damage.
You closely miss the bat. The bat hits you but does no damage.
You block the bat's attack.
You hit the bat.
You kill the bat!
No target in view!
No target in view!
No target in view!
No target in view!
No target in view!
Found a stone staircase leading down.
o - a scroll labeled XOTIUD CULOVU
Found a dagger.
Sigmund the Dreaded comes into view.
He is wielding a scythe.
Sigmund is nearby!
Sigmund is nearby!
You see here a flail.
You feel very mighty all of a sudden. You block Sigmund's attack.
You closely miss Sigmund.
Sigmund casts a spell.
Sigmund flickers and vanishes!
Deactivating autopickup; reactivate with Ctrl-A.
Something hits you.
You take 5 damage, and have 24/29 hp.
No target in view!
No target in view!
You barely miss something.
You hear some strange, mumbled words.
A puff of flame appears from out of thin air!
The puff of flame hits you!
You take 8 damage, and have 16/29 hp.
MASSIVE DAMAGE!!
Your shield and chain mail prevent you from hitting something.
Something hits you.
* * * LOW HITPOINT WARNING * * *
You take 6 damage, and have 10/29 hp.
MASSIVE DAMAGE!!
You miss something.
You hear some strange, mumbled words.
A magic dart appears from out of thin air!
The magic dart hits you!
* * * LOW HITPOINT WARNING * * *
You take 5 damage, and have 5/29 hp.
You closely miss something. Something hits you but does no damage.
You slash something!
You hear some strange, mumbled words.
A puff of flame appears from out of thin air!
The puff of flame hits you!
You die...

########################.###
...........................#
########################.###
..........# ###########..#
#### .........)#..# ...#
#######.###..# ...#
#.......###..# ....
#.{@.)....#..# .(..
#..............# ....
......>######.##.# ....#..
......<......[...# ........
.#.....######.#### ........
#..... #.# ........ #.....
#.# ........ #.#### #.#
........ ..#


There were no monsters in sight!

Notes
Turn   | Place    | Note
-------+----------+-------------------------------------------
     0 | D:1      | theanonym the Demonspawn Fighter began the quest for the Orb.
     0 | D:1      | Reached XP level 1. HP: 18/18 MP: 1/1
     6 | D:1      | Noticed a salamander
     6 | D:1      | Noticed a five-headed hydra
     6 | D:1      | Noticed a komodo dragon
    57 | D:1      | Reached skill level 2 in Axes
   250 | D:1      | Gained mutation: You are partially covered in sharp spines. [demonic ancestry]
   250 | D:1      | Reached XP level 2. HP: 21/24 MP: 2/2
   321 | D:1      | HP: 11/24 [hobgoblin/club (2)]
   926 | D:2      | Reached XP level 3. HP: 19/29 MP: 3/3
  1103 | D:2      | Noticed Sigmund
  1110 | D:2      | HP: 10/29 [something (6)]
  1113 | D:2      | Killed from afar by Sigmund

Vanquished Creatures
  A worm (D:2)
  A dart slug (D:2)
  A ball python (D:1)
  A giant cockroach (D:1)
  2 goblins (D:1)
  A hobgoblin (D:1)
  5 kobolds (D:1)
  A quokka (D:2)
  6 bats
  A frilled lizard (D:1)
  6 rats (D:1)
26 creatures vanquished.
